 Dungeon Crawl Stone Soup version 0.29.0-11-gd7f09526c8 (webtiles) character file.

Game seed: 15261107131548381996

309 ragingrage the Chiller (level 6, -9/53 HPs)
             Began as an Ogre Ice Elementalist on Sept 5, 2022.
             Mangled by an ogre
             ... wielding a +0 giant spiked club
              (25 damage)
             ... on level 4 of the Dungeon.
             The game lasted 00:05:18 (4574 turns).

ragingrage the Chiller (Ogre Ice Elementalist)      Turns: 4574, Time: 00:05:19

Health: -9/53      AC:  3    Str: 13    XL:     6   Next: 41%
Magic:  8/13       EV:  9    Int: 18    God:
Gold:   193        SH:  0    Dex:  9    Spells: 4/15 levels left

rFire   . . .      SeeInvis .   m - +2 dagger (elec)
rCold   . . .      Faith    .   (no shield)
rNeg    . . .      Spirit   .   a - +0 robe
rPois   .          Reflect  .   (helmet restricted)
rElec   .          Harm     .   (no cloak)
rCorr   .          Rampage  .   (gloves unavailable)
Will    .....                   (boots unavailable)
Stlth   +.........              (no amulet)
HPRegen 0.17/turn               (no ring)
MPRegen 0.13/turn               (no ring)

@: confused, ambrosia-drunk
A: large, unfitting armour, tough skin 1
a: no special abilities


You were on level 4 of the Dungeon.
You visited 1 branch of the dungeon, and saw 4 of its levels.

You collected 193 gold pieces.

Inventory:

Hand Weapons
 j - a +0 war axe
 m - a +2 dagger of electrocution (weapon)
 p - a +3 spectral club
Missiles
 h - 6 large rocks (quivered)
Armour
 a - a +0 robe (worn)
Wands
 n - a wand of flame (10)
Scrolls
 c - 2 scrolls of enchant weapon
 i - a scroll of teleportation
 k - 2 scrolls of immolation {unknown}
 l - 2 scrolls of vulnerability {unknown}
 o - 6 scrolls of identify {unknown}
 q - a scroll of fog {unknown}
 s - 3 scrolls of fear {unknown}
Potions
 b - a potion of magic
 d - a potion of lignification {unknown}
 e - a potion of attraction {unknown}
 f - a potion of resistance {unknown}
 g - 2 potions of curing {unknown}
 r - a potion of ambrosia


   Skills:
 - Level 1.7 Dodging
 - Level 1.4 Stealth
 - Level 5.0 Spellcasting
 + Level 5.7 Ice Magic


You had 4 spell levels left.
You knew the following spells:

 Your Spells              Type           Power      Damage    Failure   Level
a - Freeze                Ice            100%       1d11      1%          1
b - Frozen Ramparts       Ice            50%        1d8       3%          3
c - Ozocubu's Armour      Ice            25%        N/A       3%          3
d - Hailstorm             Conj/Ice       14%        3d5       38%         4

Your spell library contained the following spells:

 Spells                   Type           Power      Damage    Failure   Level
 Stone Arrow              Conj/Erth      8%         3d7       36%         3
 Animate Armour           Summ/Erth      8%         N/A       78%         4
 Lehudib's Crystal Spear  Conj/Erth      2%         10d2      100%        8


Dungeon Overview and Level Annotations

Branches:
Dungeon (4/15)
 Temple: D:4-7

Altars:
Hepliaklqana
Makhleb

Shops:
D:4 [

Annotations:
D:3 1 runed translucent door, Thoth777's ghost, amateur DrTm


Innate Abilities, Weirdness & Mutations

You are too large for most types of armour.
You have tough skin. (AC +1)


Message History

Okay, then.
Okay, then.
As you read the scroll labelled YDIALYI KURGH, it crumbles to dust.
You feel strangely unstable.
It was a scroll of teleportation.
The wall freezes the endoplasm.
You kill the endoplasm!
The wall freezes the ogre.
The ogre hits you with a +0 giant spiked club!
The wall freezes the endoplasm but does no damage.
The wall freezes the ogre.
The ogre hits you with a +0 giant club!
Casting: Ozocubu's Armour (dangerous; 3% risk of failure)
Confirm with . or Enter, or press ? or * to list all spells.
Aiming: Freeze (safe; 1% risk of failure)
Press: ? - help, Shift-Dir - straight line, f - ogre
Aim: an ogre, wielding a +0 giant club (moderately wounded)
You freeze the ogre.
The ogre is moderately wounded.
The wall freezes the endoplasm but does no damage.
The wall freezes the iguana.
The iguana seems to slow down.
The wall freezes the ogre.
The ogre barely misses you.
The wall freezes the ogre.
The ogre hits you with a +0 giant club!
* * * LOW HITPOINT WARNING * * *
Casting: Freeze (safe; 1% risk of failure)
Confirm with . or Enter, or press ? or * to list all spells.
Aiming: Freeze (safe; 1% risk of failure)
Press: ? - help, Shift-Dir - straight line, f/p - ogre
Aim: an ogre, wielding a +0 giant club (heavily wounded)
You freeze the ogre!
The ogre is severely wounded.
Your surroundings suddenly seem different.
Your icy armour cracks and falls away as you move.
The frozen ramparts melt away as you move.
An ogre and 4 jackals come into view.
Found a scroll labelled LUVVEA MIYMIREAV and a whip.
The jackal barks! x2; The ogre shouts!
The jackal barks! x2
It was a potion of ambrosia.
You are confused.
You feel invigorated.
The ogre hits you with a +0 giant spiked club!!
You die...

#######.# ##......##.#.##.
........# #......##.#.##.
........#. #######......#..#.#..
........#..##........#........#..
####'#### ...........#.....####..
##...## #.........#.#### #..
##.....## ....... #..
#.......#######...# #..
#.......##......@?# #.(
#.......##......O....# #..
##.....###......h.#..... ##.
##...## #).......# #### #. #####
####.#.h.h ._ #.#..h.. .#. #
#..... #..g ......# # .. ..


You could see an ogre and 4 jackals.

Vanquished Creatures
  An ogre (D:4)
  Ijyb (D:3)
  An iguana (D:4)
  Robin (D:2)
  3 gnolls (D:4)
  4 adders
  3 dart slugs
  9 ball pythons
  4 endoplasms
  24 goblins
  20 hobgoblins
  3 jackals (D:3)
  A quokka (D:3)
  4 bats
  3 frilled lizards
  A kobold (D:3)
  2 rats (D:1)
85 creatures vanquished.

Vanquished Creatures (others)
  3 plants (D:1)
3 creatures vanquished.

Grand Total: 88 creatures vanquished

Notes
Turn   | Place    | Note
-------+----------+-------------------------------------------
     0 | D:1      | ragingrage the Ogre Ice Elementalist began the quest for
                  | the Orb.
     0 | D:1      | Reached XP level 1. HP: 16/16 MP: 3/3
   394 | D:1      | Reached XP level 2. HP: 24/24 MP: 3/5
  1323 | D:2      | Reached XP level 3. HP: 28/31 MP: 2/7
  1400 | D:2      | Learned a level 3 spell: Frozen Ramparts
  1473 | D:2      | Learned a level 3 spell: Ozocubu's Armour
  1693 | D:2      | Noticed Robin
  1716 | D:2      | Killed Robin
  1717 | D:2      | Reached XP level 4. HP: 34/39 MP: 1/9
  2037 | D:2      | Found a faded altar of an unknown god.
  2654 | D:3      | Noticed Ijyb
  2663 | D:3      | Killed Ijyb
  2664 | D:3      | Reached XP level 5. HP: 30/45 MP: 6/11
  2932 | D:3      | Found a runed translucent door.
  3330 | D:3      | Found a burning altar of Makhleb.
  3330 | D:3      | Noticed a blizzard demon
  3590 | D:3      | Noticed Thoth777's ghost (amateur DrTm)
  3649 | D:4      | Found Usuob's Antique Armour Shop.
  3846 | D:4      | Reached skill level 5 in Ice Magic
  3925 | D:4      | Learned a level 4 spell: Hailstorm
  4091 | D:4      | Found a hazy altar of Hepliaklqana.
  4253 | D:4      | Reached skill level 5 in Spellcasting
  4299 | D:4      | Noticed an ogre
  4306 | D:4      | Killed an ogre
  4307 | D:4      | Reached XP level 6. HP: 47/53 MP: 4/13
  4574 | D:4      | Mangled by an ogre

Illustrated notes

Levels and vault maps discovered:
D:1:      wander_arrival_estate, layout_basic, serial_forest,
          infiniplex_forest_clump_small, infiniplex_forest_straight_2,
          infiniplex_forest_straight_1, infiniplex_forest_end_3,
          infiniplex_forest_clump_tiny, grunt_decor_cap, nrook_mini_vaults,
          dreamdust_mushroom_princess
D:2:      layout_loops_ring, hellmonk_ecumenical_altar_prayer_group, uniq_robin
D:3:      kennysheep_goblin_castle, layout_loops_cross,
          makhleb_altar_promises_db, ebering_ghost_reflecting_pool,
          feat_on_display
D:4:      minmay_opposing_rooms, layout_basic, lemuel_crystal_altar,
          minmay_temple_entry_ruins, serial_shops, nicolae_take_the_stairs,
          minmay_goblin_outpost

Skill      XL: |  1  2  3  4  5 |
---------------+----------------+-----
Spellcasting   | 3 4 5 |  5.0
Ice Magic      | 4 5 |  5.7
Dodging        | |  1.7
Stealth        | |  1.4

Action                   |  1- 3 |  4- 6 || total
-------------------------+-------+-------++-------
Melee: Unarmed           |    13 |       ||    13
       War axe           |     2 |    23 ||    25
       Dagger            |       |    42 ||    42
       Club              |       |     3 ||     3
Throw: Large rock        |     2 |     3 ||     5
 Cast: Freeze            |    36 |    24 ||    60
       Frozen Ramparts   |     2 |    15 ||    17
       Ozocubu's Armour  |     1 |     2 ||     3
  Use: Scroll            |       |     2 ||     2
       Potion            |       |     1 ||     1
 Stab: Sleeping          |     1 |     2 ||     3
Armor: Robe              |    10 |    21 ||    31
Dodge: Dodged            |    17 |    48 ||    65
